 Dungeon Crawl Stone Soup version 0.30-a0-341-g682706514a (webtiles) character file.

Game seed: 11758946070557664055

43 ryw the Trooper (level 3, -1/30 HPs)
             Began as a Demonspawn Monk on Nov 2, 2022.
             Killed from afar by a white imp (2 damage)
             ... with a puff of frost
             ... summoned by Natasha
             ... on level 2 of the Dungeon.
             The game lasted 00:01:40 (631 turns).

ryw the Trooper (Demonspawn Monk)                    Turns: 631, Time: 00:01:40

Health: -1/30      AC: 12    Str: 13    XL:     3   Next: 37%
Magic:  3/3        EV:  6    Int: 11    God:
Gold:   63         SH:  0    Dex: 15    Spells: 2/2 levels left

rFire   . . .      SeeInvis .      - Unarmed
rCold   . . .      Faith    .    (no shield)
rNeg    . . .      Spirit   .    c - +0 storm dragon scales
rPois   .          Reflect  .    (no helmet)
rElec   +          Harm     .    (no cloak)
rCorr   .          Rampage  .    (no gloves)
Will    .....                    (no boots)
Stlth   ..........               (no amulet)
HPRegen 0.25/turn                (no ring)
MPRegen 0.08/turn                (no ring)

@: no status effects
A: yellow scales 1
a: no special abilities


You were on level 2 of the Dungeon.
You visited 1 branch of the dungeon, and saw 2 of its levels.

You collected 63 gold pieces.

Inventory:

Armour
 c - +0 storm dragon scales (worn)
Scrolls
 b - a scroll of teleportation {unknown}
 d - 2 scrolls of silence {unknown}
 e - 4 scrolls of identify {unknown}
 f - a scroll of vulnerability {unknown}
 i - a scroll of fear {unknown}
Potions
 a - 2 potions of haste {unknown}
 g - 2 potions of mutation {unknown}
 h - a potion of berserk rage {unknown}


   Skills:
 + Level 4.1 Fighting
 + Level 1.2 Armour
 - Level 2.6 Dodging
 - Level 1.7 Stealth
 - Level 2.6 Unarmed Combat


You had 2 spell levels left.
You didn't know any spells.
Your spell library was empty.

Dungeon Overview and Level Annotations

Branches:
Dungeon (2/15)

Altars:

Annotations:
D:2 Natasha


Innate Abilities, Weirdness & Mutations

You are partially covered in yellow scales. (AC +2)


Message History

Natasha hisses angrily.
Natasha stares at you and mumbles some strange words.
The magic dart hits you.
You see here a scroll labelled CYCAYL ZUVUSO.
Found an escape hatch in the ceiling.
Natasha mumbles some strange words.
Natasha claws you but does no damage.
You closely miss Natasha. Natasha barely misses you. The white imp hits you.
The white imp freezes you.
You barely miss Natasha.
Natasha stares at you and mumbles some strange words.
The magic dart hits you.
The white imp hits you but does no damage.
You hit Natasha but do no damage. Natasha claws you but does no damage.
The white imp gestures at you. The puff of frost hits you.
You hit Natasha but do no damage. Natasha casts a spell at you.
You resist with significant effort. The white imp barely misses you.
Unknown command.
You closely miss Natasha. Natasha barely misses you.
The white imp hits you but does no damage.
Unknown command.
You closely miss Natasha. Natasha barely misses you. The white imp hits you.
The white imp freezes you. Natasha attacks as you move away! Natasha claws you.
Natasha howls an incantation.
Natasha glows brightly for a moment.
Natasha attacks as you move away! Natasha claws you!
* * * LOW HITPOINT WARNING * * *
Natasha mumbles some strange words.
You feel disoriented. Natasha claws you but does no damage.
Natasha attacks as you move away! Natasha barely misses you.
Natasha casts a spell at you. The magic dart hits you.
* * * LOW HITPOINT WARNING * * *
The white imp gestures at you. The puff of frost hits you.
You die...

#...........#
##.#######.##
#.#.. # #.#.#
#>#.# #.#.###
#?....#
#.#.#.#####.#
#...h.@.<...#
#.#.#.#####.#
#....5#
###...# ###.#
#.# #.# ... #


You could see Natasha and a white imp (summoned).

Vanquished Creatures
  2 adders (D:2)
  3 ball pythons
  3 giant cockroaches (D:1)
  2 goblins (D:1)
  2 hobgoblins (D:1)
  4 jackals (D:1)
  A quokka (D:2)
  A bat (D:1)
  2 frilled lizards (D:1)
  A kobold (D:1)
  3 rats
24 creatures vanquished.

Notes
Turn   | Place    | Note
-------+----------+-------------------------------------------
     0 | D:1      | ryw the Demonspawn Monk began the quest for the Orb.
     0 | D:1      | Reached XP level 1. HP: 18/18 MP: 1/1
    98 | D:1      | Gained mutation: You are partially covered in yellow
                  | scales. (AC +2) [demonic ancestry]
    98 | D:1      | Reached XP level 2. HP: 16/24 MP: 2/2
   358 | D:1      | You fall into a shaft and drop 1 floor!
   384 | D:2      | Reached skill level 4 in Fighting
   384 | D:2      | Reached XP level 3. HP: 30/30 MP: 3/3
   495 | D:2      | Reached skill level 1 in Armour
   619 | D:2      | Noticed Natasha
   631 | D:2      | HP: 1/30 [Natasha/magic dart (5)]
   631 | D:2      | Killed from afar by a white imp

Illustrated notes

Levels and vault maps discovered:
D:1:      onia_arrival_mini_spirals, layout_basic
D:2:      layout_loops_ring, uniq_natasha, uniq_crazy_yiuf_cottage

Skill      XL: |  1  2  3 |
---------------+----------+-----
Fighting       | 4 |  4.1
Armour         | 1 |  1.2
Dodging        | |  2.6
Stealth        | |  1.7
Unarmed Combat | |  2.6

Action                   || total
-------------------------++-------
Melee: Unarmed           ||   112
       Punch             ||     1
  Use: Potion            ||     1
Armor: Storm dragon scal ||    91
       Robe              ||     2
Dodge: Dodged            ||    41

Table legend: (Time is in decaauts)
 A = Elapsed time spent in this place.
 B = Non-inter-level travel time spent in this place.
 C = Inter-level travel time spent in this place.
 D = Time resting spent in this place.
 E = Time spent auto-exploring this place.
 F = Levels seen in this place.
 G = Mean time per level.
                   A        B        C        D        E       F      G
               +--------+--------+--------+--------+--------+-----+--------+
         Total |    624 |    624 |      0 |    100 |    322 |   2 |  312.0 |
       Dungeon |    624 |    624 |      0 |    100 |    322 |   2 |  312.0 |
               +--------+--------+--------+--------+--------+-----+--------+

Top non-repeatable levels by time:
     D:1: 353 daAuts
     D:2: 271 daAuts
